Santa Cruz Tiger Sharks vs Tucson Roadrunners
Created - Tuesday, May 16, 2023 at 07:03
Goals
|
| Santa Cruz Tiger Sharks |
1 |
0 |
1 |
2 |
| Tucson Roadrunners |
0 |
0 |
3 |
3 |
|
Shots
|
| Santa Cruz Tiger Sharks |
22 |
13 |
15 |
50 |
| Tucson Roadrunners |
7 |
7 |
12 |
26 |
|
1st period
1. Santa Cruz Tiger Sharks , Austin Strand 6 (Travis Boyd 30, Jesper Boqvist 34) at 10:22 (PP)
Penalties :
Ben Jones (TRR) for Hooking (Minor) at 3:25, Ben Jones (TRR) for Fighting (Major) at 5:49, Hunter Drew (SCS) for Fighting (Major) at 5:49, Ben Jones (TRR) for instigated a fight (Minor) at 5:49, Ben Jones (TRR) for instigated a fight (10 Minutes Misconduct) at 5:49, Simon Benoit (TRR) for Tripping (Minor) at 9:47, Nicolas Meloche (TRR) for Holding (Minor) at 13:35
2nd period
No Goal
Penalties :
Michal Kempny (TRR) for Holding (Minor) at 0:35, Mikhail Maltsev (TRR) for Diving (Minor) at 10:47, Calle Rosen (SCS) for Goalie Interference (Minor) at 19:37
3rd period
2. Tucson Roadrunners , Mikhail Maltsev 18 (William Carrier 36) at 1:42
3. Tucson Roadrunners , Michal Kempny 6 (William Carrier 37, Scott Reedy 29) at 5:28 (PP)
4. Santa Cruz Tiger Sharks , Michael McLeod 17 (Hunter Drew 10, Jesper Boqvist 35) at 15:21
5. Tucson Roadrunners , Ben Jones 12 (Mikhail Maltsev 13, Carson Soucy 24) at 19:34
Penalties :
Tobias Bjornfot (SCS) for Interference (Minor) at 4:32, Matthew Highmore (TRR) for Tripping (Minor) at 15:40, Matthew Nieto (TRR) for Fighting (Major) at 19:07, Wyatt Kalynuk (SCS) for Fighting (Major) at 19:07, Nicolas Meloche (TRR) for Slashing (Minor) at 19:52
Goalie Stats
Carter Hart (SCS), 23 saves from 26 shots - (0.885), L, 19-8-2, 59:47 minutes
Martin Jones (TRR), 48 saves from 50 shots - (0.960), W, 19-8-5, 60:00 minutes
Players Stats for Santa Cruz Tiger Sharks
Player Name G A P +/- PIM S H SB GA TA FO MP PP MP PK MP
------------------------------------------------------------------------------------
Alexander Volkov 0 0 0 -2 0 2 2 0 0 0 0/0 13:51 0:00 1:34
Austin Strand 1 0 1 -1 0 2 0 0 1 1 0/0 23:15 6:21 1:03
Calle Rosen 0 0 0 0 2 2 2 0 0 1 0/0 22:57 6:15 0:50
David Gustafsson 0 0 0 0 0 3 0 0 0 0 6/9 10:50 0:09 1:21
Evgeny Svechnikov 0 0 0 0 0 3 1 0 0 0 0/0 9:17 0:00 0:00
Hunter Drew 0 1 1 0 5 1 0 0 0 0 0/0 12:36 0:00 0:00
Jack Roslovic 0 0 0 0 0 6 0 0 1 0 13/17 17:55 6:18 0:00
Jesper Boqvist 0 2 2 1 0 3 1 1 0 0 0/0 17:24 6:09 0:00
Kailer Yamamoto 0 0 0 0 0 5 2 0 2 0 1/1 17:55 6:18 0:00
Kevin Rooney 0 0 0 -2 0 2 1 1 1 0 5/11 14:03 0:09 1:34
Kieffer Bellows 0 0 0 -1 0 2 2 0 0 0 0/0 12:11 0:00 0:00
Michael McLeod 1 0 1 1 0 6 3 0 1 0 8/11 17:24 6:09 0:00
Sean Day 0 0 0 0 0 1 1 0 0 0 0/0 23:26 6:15 1:52
Steven Lorentz 0 0 0 0 0 1 0 0 1 0 0/1 10:38 0:00 1:21
Tobias Bjornfot 0 0 0 -1 2 2 1 1 0 0 0/0 23:16 6:21 0:57
Travis Boyd 0 1 1 1 0 5 3 2 2 0 0/0 17:36 6:18 0:00
Wyatt Kalynuk 0 0 0 -1 5 1 1 1 0 0 0/0 14:32 0:00 1:08
Zach Sanford 0 0 0 0 0 3 2 0 0 0 0/1 17:55 6:18 0:00
Players Stats for Tucson Roadrunners
Player Name G A P +/- PIM S H SB GA TA FO MP PP MP PK MP
------------------------------------------------------------------------------------
Andre Lee 0 0 0 0 0 0 0 0 0 0 1/1 6:12 0:00 0:25
Ben Jones 1 0 1 2 19 2 0 0 0 0 1/2 11:25 0:00 0:00
Carson Soucy 0 1 1 0 0 0 1 2 0 1 0/0 25:27 1:30 6:07
Gage Goncalves 0 0 0 0 0 0 1 1 0 0 0/0 2:27 0:00 0:00
Johnathan Kovacevic 0 0 0 0 0 0 0 1 0 0 0/0 13:58 0:00 1:13
Justin Danforth 0 0 0 0 0 1 2 3 0 1 5/21 20:10 1:27 6:11
Lukas Rousek 0 0 0 2 0 0 1 0 0 1 0/0 12:02 0:00 0:00
Marian Studenic 0 0 0 -1 0 0 0 0 0 0 1/2 14:51 1:28 0:00
Matthew Highmore 0 0 0 0 2 1 0 0 0 1 1/1 19:55 1:27 5:15
Matthew Nieto 0 0 0 0 5 1 1 0 1 0 1/7 22:18 1:27 5:41
Michal Kempny 1 0 1 1 2 1 3 4 0 1 0/0 21:03 1:25 5:38
Mikhail Maltsev 1 1 2 2 2 7 5 0 0 1 3/6 14:39 0:00 1:58
Nick Seeler 0 0 0 0 0 0 1 0 0 1 0/0 13:31 0:00 0:46
Nicolas Meloche 0 0 0 0 4 5 0 2 0 1 0/0 24:44 1:30 5:04
Owen Sillinger 0 0 0 0 0 0 2 0 0 0 0/1 7:22 0:00 0:00
Scott Reedy 0 1 1 -1 0 1 2 1 0 1 5/8 15:02 1:28 0:00
Simon Benoit 0 0 0 1 2 0 2 1 1 0 0/0 21:42 1:25 6:24
William Carrier 0 2 2 -1 0 7 4 0 0 0 0/2 20:27 1:28 5:42
3 Stars
1 - Martin Jones (TRR)
2 - Mikhail Maltsev (TRR)
3 - Michal Kempny (TRR)
Power Play
Santa Cruz Tiger Sharks - 1 on 8 Attempt(s) - 12.50%
Tucson Roadrunners - 1 on 2 Attempt(s) - 50.00%
Penalty Kill
Santa Cruz Tiger Sharks - 1 on 2 Attempt(s) - 50.00%
- Score 0 goal in Penalty Kill
Tucson Roadrunners - 7 on 8 Attempt(s) - 87.50%
- Score 0 goal in Penalty Kill
Team Stat
Santa Cruz Tiger Sharks - Hits : 22 - Faceoff Wins : 33 - Blocked Shots : 6 - Penalty Minutes : 14
Tucson Roadrunners - Hits : 25 - Faceoff Wins : 18 - Blocked Shots : 15 - Penalty Minutes : 36
Official
Referees : Francois StLaurent and Evgeny Romasko
Linesman : Darren Gibbs and Brandon Gawryletz
Game Notes
Ben Jones beats up Hunter Drew at 5:49 of 1st period
Wyatt Kalynuk beats up Matthew Nieto at 19:07 of 3rd period
Santa Cruz Tiger Sharks
5 vs 5 Forward
Center Left Wing Right Wing Time % Phy DF OF
1 Jack Roslovic Zach Sanford Kailer Yamamoto 30 1 2 2
2 Michael McLeod Travis Boyd Jesper Boqvist 30 1 2 2
3 Kevin Rooney Kieffer Bellows Alexander Volkov 25 1 2 2
4 David Gustafsson Evgeny Svechnikov Steven Lorentz 15 1 2 2
5 vs 5 Defense
Defense Defense Time % Phy DF OF
1 Tobias Bjornfot Austin Strand 35 1 2 2
2 Calle Rosen Sean Day 35 1 2 2
3 Hunter Drew Wyatt Kalynuk 30 1 2 2
4 Tobias Bjornfot Austin Strand 0 1 2 2
PowerPlay Forward
Center Left Wing Right Wing Time % Phy DF OF
1 Jack Roslovic Zach Sanford Kailer Yamamoto 50 1 2 2
2 Michael McLeod Travis Boyd Jesper Boqvist 50 1 2 2
PowerPlay Defense
Defense Defense Time % Phy DF OF
1 Tobias Bjornfot Austin Strand 50 1 2 2
2 Calle Rosen Sean Day 50 1 2 2
Penalty Kill 4 Players Forward
Center Wing Time % Phy DF OF
1 Kevin Rooney Alexander Volkov 50 1 2 2
2 David Gustafsson Steven Lorentz 50 1 2 2
Penalty Kill 4 Players Defense
Defense Defense Time % Phy DF OF
1 Tobias Bjornfot Austin Strand 50 1 2 2
2 Calle Rosen Sean Day 50 1 2 2
Penalty Kill - 3 Players Forward
Forward Time % Phy DF OF
1 Kevin Rooney 50 1 2 2
2 David Gustafsson 50 1 2 2
Penalty Kill - 3 Players Defense
Defense Defense Time % Phy DF OF
1 Tobias Bjornfot Austin Strand 50 1 2 2
2 Calle Rosen Sean Day 50 1 2 2
4 vs 4 Forward
Center Wing Time % Phy DF OF
1 Jack Roslovic Kailer Yamamoto 50 1 2 2
2 Michael McLeod Zach Sanford 50 1 2 2
4 vs 4 Defense
Defense Defense Time % Phy DF OF
1 Tobias Bjornfot Austin Strand 50 1 2 2
2 Calle Rosen Sean Day 50 1 2 2
Last Minutes Offensive
Center Left Wing Right Wing Defense Defense
Jack Roslovic Zach Sanford Kailer Yamamoto Tobias Bjornfot Austin Strand
Last Minutes Defensive
Center Left Wing Right Wing Defense Defense
Kevin Rooney David Gustafsson Alexander Volkov Tobias Bjornfot Austin Strand
Goaltenders
Starting : Carter Hart
Backup : Mikhail Berdin
Extra Forwards
Normal : David Gustafsson, Kevin Rooney, Alexander Volkov - PP : David Gustafsson, Kevin Rooney - PK : Alexander Volkov
Extra Defensemen
Normal : Hunter Drew, Wyatt Kalynuk, Calle Rosen - PP : Hunter Drew - PK : Wyatt Kalynuk, Calle Rosen
Penalty Shots
Jack Roslovic, Kailer Yamamoto, Michael McLeod, Zach Sanford, Travis Boyd
Tucson Roadrunners
5 vs 5 Forward
Center Left Wing Right Wing Time % Phy DF OF
1 Justin Danforth Matthew Nieto Matthew Highmore 30 1 2 2
2 Scott Reedy William Carrier Marian Studenic 30 1 2 2
3 Mikhail Maltsev Lukas Rousek Ben Jones 25 1 2 2
4 Ben Jones Andre Lee Matthew Nieto 15 1 2 2
5 vs 5 Defense
Defense Defense Time % Phy DF OF
1 Carson Soucy Nicolas Meloche 30 1 2 2
2 Michal Kempny Simon Benoit 30 1 2 2
3 Nick Seeler Johnathan Kovacevic 25 1 2 2
4 Carson Soucy Nicolas Meloche 15 1 2 2
PowerPlay Forward
Center Left Wing Right Wing Time % Phy DF OF
1 Justin Danforth Matthew Nieto Matthew Highmore 50 1 2 2
2 Scott Reedy William Carrier Marian Studenic 50 1 2 2
PowerPlay Defense
Defense Defense Time % Phy DF OF
1 Carson Soucy Nicolas Meloche 50 1 2 2
2 Michal Kempny Simon Benoit 50 1 2 2
Penalty Kill 4 Players Forward
Center Wing Time % Phy DF OF
1 Matthew Nieto William Carrier 50 1 2 2
2 Justin Danforth Matthew Highmore 50 1 2 2
Penalty Kill 4 Players Defense
Defense Defense Time % Phy DF OF
1 Carson Soucy Nicolas Meloche 50 1 2 2
2 Michal Kempny Simon Benoit 50 1 2 2
Penalty Kill - 3 Players Forward
Forward Time % Phy DF OF
1 Matthew Nieto 50 1 2 2
2 William Carrier 50 1 2 2
Penalty Kill - 3 Players Defense
Defense Defense Time % Phy DF OF
1 Carson Soucy Nicolas Meloche 50 1 2 2
2 Michal Kempny Simon Benoit 50 1 2 2
4 vs 4 Forward
Center Wing Time % Phy DF OF
1 Matthew Nieto William Carrier 50 1 2 2
2 Justin Danforth Matthew Highmore 50 1 2 2
4 vs 4 Defense
Defense Defense Time % Phy DF OF
1 Carson Soucy Nicolas Meloche 50 1 2 2
2 Michal Kempny Simon Benoit 50 1 2 2
Last Minutes Offensive
Center Left Wing Right Wing Defense Defense
Justin Danforth Matthew Nieto Matthew Highmore Carson Soucy Nicolas Meloche
Last Minutes Defensive
Center Left Wing Right Wing Defense Defense
Justin Danforth Matthew Nieto Matthew Highmore Carson Soucy Nicolas Meloche
Goaltenders
Starting : Martin Jones
Backup : Jaroslav Halak
Extra Forwards
Normal : Owen Sillinger, Gage Goncalves, Mikhail Maltsev - PP : Owen Sillinger, Gage Goncalves - PK : Mikhail Maltsev
Extra Defensemen
Normal : Nick Seeler, Johnathan Kovacevic, Michal Kempny - PP : Nick Seeler - PK : Johnathan Kovacevic, Michal Kempny
Penalty Shots
Matthew Nieto, William Carrier, Justin Danforth, Matthew Highmore, Scott Reedy
% Time on Ice - Santa Cruz Tiger Sharks
Lines # - Real PCT - Wanted PCT - Time Play
Normal Forward
1 - 26% - 30% - 11:25
2 - 26% - 30% - 11:18
3 - 28% - 25% - 12:11
4 - 21% - 15% - 9:17
Normal Defense
1 - 35% - 35% - 15:33
2 - 35% - 35% - 15:19
3 - 30% - 30% - 13:19
4 - 0% - 0% - 0:00
PP Forward
1 - 50% - 50% - 6:18
2 - 50% - 50% - 6:18
PP Defense
1 - 50% - 50% - 6:21
2 - 50% - 50% - 6:15
PK Forward
1 - 54% - 50% - 1:34
2 - 46% - 50% - 1:21
PK Defense
1 - 36% - 50% - 1:03
2 - 64% - 50% - 1:52
PK3 Forward
1 - 0% - 50%
2 - 0% - 50%
PK3 Defense
1 - 0% - 50%
2 - 0% - 50%
44 Forward
1 - 0% - 50%
2 - 0% - 50%
44 Defense
1 - 0% - 50%
2 - 0% - 50%
Last Minute Offensive - 0:18
Last Minute Defensive - 0:00
Total
Forward - 60:00
Defense - 60:00
|
% Time on Ice - Tucson Roadrunners
Lines # - Real PCT - Wanted PCT - Time Play
Normal Forward
1 - 29% - 30% - 13:02
2 - 30% - 30% - 13:27
3 - 27% - 25% - 12:02
4 - 13% - 15% - 5:40
Normal Defense
1 - 30% - 30% - 13:15
2 - 31% - 30% - 13:54
3 - 28% - 25% - 12:12
4 - 11% - 15% - 4:50
PP Forward
1 - 50% - 50% - 1:27
2 - 50% - 50% - 1:28
PP Defense
1 - 51% - 50% - 1:30
2 - 49% - 50% - 1:25
PK Forward
1 - 51% - 50% - 6:25
2 - 49% - 50% - 6:11
PK Defense
1 - 49% - 50% - 6:12
2 - 51% - 50% - 6:24
PK3 Forward
1 - 0% - 50%
2 - 0% - 50%
PK3 Defense
1 - 0% - 50%
2 - 0% - 50%
44 Forward
1 - 0% - 50%
2 - 0% - 50%
44 Defense
1 - 0% - 50%
2 - 0% - 50%
Last Minute Offensive - 0:00
Last Minute Defensive - 0:18
Total
Forward - 60:00
Defense - 60:00
|
Play-by-Play
1st period
0:01 of 1st period - Jack Roslovic wins face-off versus Justin Danforth in neutral zone.
0:12 of 1st period - Wrist shot by Jack Roslovic.
0:12 of 1st period - Shot Misses the Net.
0:26 of 1st period - Carson Soucy is hit by Jesper Boqvist and loses puck.
1:00 of 1st period - Icing by Mikhail Maltsev.
1:01 of 1st period - Mikhail Maltsev wins face-off versus David Gustafsson in Tucson Roadrunners zone.
1:06 of 1st period - Snap shot by David Gustafsson.
1:06 of 1st period - Stopped by Martin Jones with a rebound.
1:33 of 1st period - Slapshot by Kailer Yamamoto.
1:33 of 1st period - Shot Blocked by Johnathan Kovacevic.
1:52 of 1st period - Slapshot by Scott Reedy.
1:52 of 1st period - Shot Misses the Net.
1:54 of 1st period - Slapshot by Nicolas Meloche.
1:54 of 1st period - Stopped by Carter Hart without a rebound.
1:55 of 1st period - Michael McLeod wins face-off versus Justin Danforth in Santa Cruz Tiger Sharks zone.
1:55 of 1st period - Michael McLeod is hit by Justin Danforth.
2:26 of 1st period - Snap shot by Scott Reedy.
2:26 of 1st period - Stopped by Carter Hart without a rebound.
2:27 of 1st period - Andre Lee wins face-off versus David Gustafsson in Santa Cruz Tiger Sharks zone.
3:04 of 1st period - Wrist shot by Kailer Yamamoto.
3:04 of 1st period - Shot Blocked by Scott Reedy.
3:25 of 1st period - Minor Penalty to Ben Jones for Hooking.
3:26 of 1st period - Jack Roslovic wins face-off versus Justin Danforth in Tucson Roadrunners zone.
3:30 of 1st period - Snap shot by Jack Roslovic.
3:30 of 1st period - Stopped by Martin Jones with a rebound.
3:32 of 1st period - Snap shot by Austin Strand.
3:32 of 1st period - Deflect By Carson Soucy.
3:32 of 1st period - Stopped by Martin Jones with a rebound.
3:34 of 1st period - Wrist shot by Kailer Yamamoto.
3:34 of 1st period - Shot Blocked by Justin Danforth.
3:36 of 1st period - Slapshot by Tobias Bjornfot.
3:36 of 1st period - Stopped by Martin Jones with a rebound.
3:38 of 1st period - Slapshot by Austin Strand.
3:38 of 1st period - Shot Misses the Net.
3:40 of 1st period - Wrist shot by Kailer Yamamoto.
3:40 of 1st period - Deflect By Carson Soucy.
3:40 of 1st period - Stopped by Martin Jones with a rebound.
3:42 of 1st period - Slapshot by Zach Sanford.
3:42 of 1st period - Shot Blocked by Justin Danforth.
4:16 of 1st period - Matthew Nieto is hit by Zach Sanford and loses puck.
4:27 of 1st period - Jesper Boqvist is hit by Michal Kempny and loses puck.
5:25 of 1st period - Penalty to Ben Jones is over, Ben Jones is back on ice.
5:44 of 1st period - Slapshot by Mikhail Maltsev.
5:44 of 1st period - Stopped by Carter Hart without a rebound.
5:45 of 1st period - Ben Jones wins face-off versus Kevin Rooney in Santa Cruz Tiger Sharks zone.
5:49 of 1st period - Ben Jones beats up Hunter Drew.
5:49 of 1st period - Penalty to Ben Jones for Fighting.
5:49 of 1st period - Penalty to Hunter Drew for Fighting.
5:49 of 1st period - Penalty to Ben Jones for instigated a fight.
5:49 of 1st period - Penalty to Ben Jones for instigated a fight.
5:50 of 1st period - Justin Danforth wins face-off versus Zach Sanford in Santa Cruz Tiger Sharks zone.
6:16 of 1st period - William Carrier is hit by Travis Boyd and loses puck.
7:49 of 1st period - Penalty to Ben Jones is over, Mikhail Maltsev is send on ice.
8:15 of 1st period - Snap shot by Kevin Rooney.
8:15 of 1st period - Stopped by Martin Jones without a rebound.
8:16 of 1st period - David Gustafsson wins face-off versus Owen Sillinger in Tucson Roadrunners zone.
8:23 of 1st period - Wrist shot by Evgeny Svechnikov.
8:23 of 1st period - Stopped by Martin Jones with a rebound.
8:31 of 1st period - Slapshot by Steven Lorentz.
8:31 of 1st period - Stopped by Martin Jones with a rebound.
8:41 of 1st period - Alexander Volkov is hit by Mikhail Maltsev and loses puck.
8:48 of 1st period - Carson Soucy is hit by Alexander Volkov and loses puck.
9:24 of 1st period - Snap shot by Justin Danforth.
9:24 of 1st period - Deflect By Matthew Nieto.
9:24 of 1st period - Shot Blocked by Jesper Boqvist.
9:24 of 1st period - Puck is out of play.
9:25 of 1st period - Kevin Rooney wins face-off versus Mikhail Maltsev in Santa Cruz Tiger Sharks zone.
9:25 of 1st period - Kevin Rooney is hit by Mikhail Maltsev.
9:47 of 1st period - Minor Penalty to Simon Benoit for Tripping.
9:48 of 1st period - Jack Roslovic wins face-off versus Justin Danforth in Tucson Roadrunners zone.
9:51 of 1st period - Snap shot by Kailer Yamamoto.
9:51 of 1st period - Shot Misses the Net.
9:53 of 1st period - Backhand shot by Jack Roslovic.
9:53 of 1st period - Shot Blocked by Nicolas Meloche.
9:55 of 1st period - Wrist shot by Jack Roslovic.
9:55 of 1st period - Stopped by Martin Jones with a rebound.
9:57 of 1st period - Slapshot by Sean Day.
9:57 of 1st period - Shot Blocked by Carson Soucy.
9:59 of 1st period - Snap shot by Zach Sanford.
9:59 of 1st period - Shot Misses the Net.
10:01 of 1st period - Slapshot by Calle Rosen.
10:01 of 1st period - Stopped by Martin Jones with a rebound.
10:20 of 1st period - Wrist shot by Travis Boyd.
10:20 of 1st period - Shot Misses the Net.
10:22 of 1st period - Slapshot by Austin Strand.
10:22 of 1st period - Goal by Austin Strand - Santa Cruz Tiger Sharks : 1 - Tucson Roadrunners : 0.
10:23 of 1st period - Michael McLeod wins face-off versus Justin Danforth in neutral zone.
10:25 of 1st period - Off-side.
10:26 of 1st period - Michael McLeod wins face-off versus Justin Danforth in neutral zone.
10:31 of 1st period - Slapshot by Jesper Boqvist.
10:31 of 1st period - Deflect By Travis Boyd.
10:31 of 1st period - Deflect By Carson Soucy.
10:31 of 1st period - Stopped by Martin Jones without a rebound.
10:32 of 1st period - Michael McLeod wins face-off versus Justin Danforth in Tucson Roadrunners zone.
10:33 of 1st period - Snap shot by Travis Boyd.
10:33 of 1st period - Shot Misses the Net.
10:55 of 1st period - Snap shot by Justin Danforth.
10:55 of 1st period - Shot Misses the Net.
10:57 of 1st period - Wrist shot by Justin Danforth.
10:57 of 1st period - Shot Misses the Net.
10:59 of 1st period - Wrist shot by Matthew Nieto.
10:59 of 1st period - Deflect By Travis Boyd.
10:59 of 1st period - Shot Blocked by Tobias Bjornfot.
10:59 of 1st period - Puck is out of play.
11:00 of 1st period - Jack Roslovic wins face-off versus Scott Reedy in Santa Cruz Tiger Sharks zone.
11:00 of 1st period - Jack Roslovic is hit by William Carrier.
11:51 of 1st period - Wrist shot by Travis Boyd.
11:51 of 1st period - Stopped by Martin Jones with a rebound.
11:53 of 1st period - Snap shot by Michael McLeod.
11:53 of 1st period - Stopped by Martin Jones with a rebound.
11:55 of 1st period - Wrist shot by Michael McLeod.
11:55 of 1st period - Stopped by Martin Jones without a rebound.
11:56 of 1st period - Marian Studenic wins face-off versus Jack Roslovic in Tucson Roadrunners zone.
12:03 of 1st period - Wrist shot by William Carrier.
12:03 of 1st period - Stopped by Carter Hart with a rebound.
12:23 of 1st period - Austin Strand is hit by Simon Benoit and loses puck.
12:28 of 1st period - Wrist shot by Justin Danforth.
12:28 of 1st period - Shot Blocked by Travis Boyd.
12:50 of 1st period - Snap shot by Mikhail Maltsev.
12:50 of 1st period - Stopped by Carter Hart with a rebound.
12:52 of 1st period - Snap shot by Lukas Rousek.
12:52 of 1st period - Deflect By Mikhail Maltsev.
12:52 of 1st period - Stopped by Carter Hart without a rebound.
12:53 of 1st period - Jack Roslovic wins face-off versus William Carrier in Santa Cruz Tiger Sharks zone.
12:58 of 1st period - Slapshot by Kailer Yamamoto.
12:58 of 1st period - Stopped by Martin Jones with a rebound.
13:00 of 1st period - Snap shot by Jack Roslovic.
13:00 of 1st period - Stopped by Martin Jones with a rebound.
13:06 of 1st period - Snap shot by Kailer Yamamoto.
13:06 of 1st period - Deflect By Zach Sanford.
13:06 of 1st period - Stopped by Martin Jones with a rebound.
13:08 of 1st period - Slapshot by Kailer Yamamoto.
13:08 of 1st period - Stopped by Martin Jones with a rebound.
13:26 of 1st period - Snap shot by Scott Reedy.
13:26 of 1st period - Shot Misses the Net.
13:28 of 1st period - Slapshot by Nicolas Meloche.
13:28 of 1st period - Stopped by Carter Hart with a rebound.
13:35 of 1st period - Minor Penalty to Nicolas Meloche for Holding.
13:36 of 1st period - Jack Roslovic wins face-off versus Justin Danforth in Tucson Roadrunners zone.
15:02 of 1st period - Kailer Yamamoto is hit by Mikhail Maltsev and loses puck.
15:35 of 1st period - Penalty to Nicolas Meloche is over, Nicolas Meloche is back on ice.
17:22 of 1st period - Simon Benoit is hit by Kailer Yamamoto and loses puck.
18:01 of 1st period - Scott Reedy is hit by Travis Boyd and loses puck.
18:14 of 1st period - Zach Sanford is hit by Nick Seeler and loses puck.
19:11 of 1st period - Wyatt Kalynuk is hit by Gage Goncalves.
19:15 of 1st period - Jack Roslovic is hit by Owen Sillinger and loses puck.
19:42 of 1st period - Wrist shot by Jesper Boqvist.
19:42 of 1st period - Shot Misses the Net.
19:46 of 1st period - Wrist shot by Michael McLeod.
19:46 of 1st period - Stopped by Martin Jones with a rebound.
19:48 of 1st period - Slapshot by Michael McLeod.
19:48 of 1st period - Shot Blocked by Gage Goncalves.
19:50 of 1st period - Slapshot by Sean Day.
19:50 of 1st period - Stopped by Martin Jones with a rebound.
19:52 of 1st period - Slapshot by Travis Boyd.
19:52 of 1st period - Stopped by Martin Jones with a rebound.
Goals for this period are 1 for Santa Cruz Tiger Sharks vs 0 for Tucson Roadrunners.
Shots for this period are 22 for Santa Cruz Tiger Sharks vs 7 for Tucson Roadrunners.
2nd period
0:01 of 2nd period - Michael McLeod wins face-off versus Matthew Nieto in neutral zone.
0:30 of 2nd period - William Carrier is hit by Zach Sanford.
0:35 of 2nd period - Minor Penalty to Michal Kempny for Holding.
0:36 of 2nd period - Matthew Nieto wins face-off versus Michael McLeod in Tucson Roadrunners zone.
0:49 of 2nd period - 10 Minutes Misconduct Penalty to Ben Jones is over.
2:34 of 2nd period - Carson Soucy is hit by Calle Rosen and loses puck.
2:35 of 2nd period - Penalty to Michal Kempny is over, Michal Kempny is back on ice.
2:47 of 2nd period - Wrist shot by Mikhail Maltsev.
2:47 of 2nd period - Stopped by Carter Hart without a rebound.
2:48 of 2nd period - Mikhail Maltsev wins face-off versus Kevin Rooney in Santa Cruz Tiger Sharks zone.
2:49 of 2nd period - Snap shot by Ben Jones.
2:49 of 2nd period - Shot Misses the Net.
2:51 of 2nd period - Slapshot by Johnathan Kovacevic.
2:51 of 2nd period - Shot Misses the Net.
2:53 of 2nd period - Wrist shot by Mikhail Maltsev.
2:53 of 2nd period - Deflect By Kevin Rooney.
2:53 of 2nd period - Stopped by Carter Hart with a rebound.
2:57 of 2nd period - Wrist shot by Ben Jones.
2:57 of 2nd period - Deflect By Mikhail Maltsev.
2:57 of 2nd period - Stopped by Carter Hart with a rebound.
2:59 of 2nd period - Snap shot by Ben Jones.
2:59 of 2nd period - Shot Misses the Net.
3:01 of 2nd period - Slapshot by Nick Seeler.
3:01 of 2nd period - Shot Blocked by Wyatt Kalynuk.
3:35 of 2nd period - Matthew Nieto is hit by Michael McLeod and loses puck.
3:46 of 2nd period - Snap shot by Jesper Boqvist.
3:46 of 2nd period - Stopped by Martin Jones with a rebound.
4:49 of 2nd period - Simon Benoit is hit by Evgeny Svechnikov and loses puck.
5:06 of 2nd period - Wrist shot by Kevin Rooney.
5:06 of 2nd period - Deflect By Alexander Volkov.
5:06 of 2nd period - Stopped by Martin Jones with a rebound.
5:08 of 2nd period - Wrist shot by Kieffer Bellows.
5:08 of 2nd period - Stopped by Martin Jones with a rebound.
5:10 of 2nd period - Slapshot by Wyatt Kalynuk.
5:10 of 2nd period - Stopped by Martin Jones with a rebound.
7:01 of 2nd period - Wrist shot by David Gustafsson.
7:01 of 2nd period - Shot Misses the Net.
7:03 of 2nd period - Wrist shot by Sean Day.
7:03 of 2nd period - Deflect By Evgeny Svechnikov.
7:03 of 2nd period - Shot Misses the Net.
7:03 of 2nd period - Puck is out of play.
7:04 of 2nd period - Scott Reedy wins face-off versus Michael McLeod in Tucson Roadrunners zone.
7:17 of 2nd period - Wrist shot by Jack Roslovic.
7:17 of 2nd period - Shot Misses the Net.
8:26 of 2nd period - Snap shot by Ben Jones.
8:26 of 2nd period - Stopped by Carter Hart with a rebound.
9:09 of 2nd period - Simon Benoit is hit by Calle Rosen.
9:57 of 2nd period - Justin Danforth is hit by Tobias Bjornfot and loses puck.
10:12 of 2nd period - Snap shot by Zach Sanford.
10:12 of 2nd period - Shot Blocked by Michal Kempny.
10:18 of 2nd period - Alexander Volkov is hit by Michal Kempny and loses puck.
10:34 of 2nd period - Off-side.
10:35 of 2nd period - David Gustafsson wins face-off versus Mikhail Maltsev in neutral zone.
10:47 of 2nd period - Minor Penalty to Mikhail Maltsev for Diving.
10:48 of 2nd period - Michael McLeod wins face-off versus Matthew Nieto in Tucson Roadrunners zone.
10:52 of 2nd period - Slapshot by Jesper Boqvist.
10:52 of 2nd period - Shot Misses the Net.
10:54 of 2nd period - Slapshot by Tobias Bjornfot.
10:54 of 2nd period - Shot Misses the Net.
10:56 of 2nd period - Snap shot by Travis Boyd.
10:56 of 2nd period - Shot Misses the Net.
11:20 of 2nd period - Snap shot by Travis Boyd.
11:20 of 2nd period - Stopped by Martin Jones without a rebound.
11:21 of 2nd period - Jack Roslovic wins face-off versus Matthew Nieto in Tucson Roadrunners zone.
11:30 of 2nd period - Wrist shot by Kailer Yamamoto.
11:30 of 2nd period - Stopped by Martin Jones with a rebound.
11:32 of 2nd period - Slapshot by Jack Roslovic.
11:32 of 2nd period - Shot Misses the Net.
11:34 of 2nd period - Slapshot by Calle Rosen.
11:34 of 2nd period - Stopped by Martin Jones with a rebound.
11:54 of 2nd period - Snap shot by Justin Danforth.
11:54 of 2nd period - Deflect By Matthew Highmore.
11:54 of 2nd period - Stopped by Carter Hart with a rebound.
12:06 of 2nd period - Michal Kempny is hit by Michael McLeod and loses puck.
12:47 of 2nd period - Penalty to Mikhail Maltsev is over, Mikhail Maltsev is back on ice.
12:57 of 2nd period - Johnathan Kovacevic is hit by Kieffer Bellows and loses puck.
14:02 of 2nd period - Lukas Rousek is hit by Alexander Volkov and loses puck.
15:51 of 2nd period - Jesper Boqvist is hit by Owen Sillinger and loses puck.
16:02 of 2nd period - Wrist shot by Kieffer Bellows.
16:02 of 2nd period - Stopped by Martin Jones with a rebound.
16:12 of 2nd period - Kieffer Bellows is hit by William Carrier and loses puck.
16:41 of 2nd period - Slapshot by Evgeny Svechnikov.
16:41 of 2nd period - Shot Blocked by Simon Benoit.
16:43 of 2nd period - Slapshot by Sean Day.
16:43 of 2nd period - Shot Blocked by Michal Kempny.
16:45 of 2nd period - Slapshot by Calle Rosen.
16:45 of 2nd period - Shot Blocked by Michal Kempny.
18:02 of 2nd period - David Gustafsson is hit by Michal Kempny and loses puck.
18:20 of 2nd period - Wrist shot by Michael McLeod.
18:20 of 2nd period - Deflect By Jesper Boqvist.
18:20 of 2nd period - Stopped by Martin Jones with a rebound.
18:22 of 2nd period - Wrist shot by Travis Boyd.
18:22 of 2nd period - Stopped by Martin Jones with a rebound.
18:24 of 2nd period - Snap shot by Michael McLeod.
18:24 of 2nd period - Stopped by Martin Jones without a rebound.
18:25 of 2nd period - Jack Roslovic wins face-off versus Matthew Nieto in Tucson Roadrunners zone.
18:34 of 2nd period - Snap shot by Zach Sanford.
18:34 of 2nd period - Stopped by Martin Jones with a rebound.
18:36 of 2nd period - Slapshot by Tobias Bjornfot.
18:36 of 2nd period - Stopped by Martin Jones with a rebound.
18:38 of 2nd period - Wrist shot by Kailer Yamamoto.
18:38 of 2nd period - Shot Blocked by Carson Soucy.
19:02 of 2nd period - Snap shot by Scott Reedy.
19:02 of 2nd period - Shot Blocked by Travis Boyd.
19:37 of 2nd period - Minor Penalty to Calle Rosen for Goalie Interference.
19:38 of 2nd period - Scott Reedy wins face-off versus Kevin Rooney in Santa Cruz Tiger Sharks zone.
19:43 of 2nd period - Snap shot by Scott Reedy.
19:43 of 2nd period - Deflect By Sean Day.
19:43 of 2nd period - Shot Blocked by Kevin Rooney.
19:43 of 2nd period - Puck is out of play.
19:44 of 2nd period - Scott Reedy wins face-off versus Kevin Rooney in Santa Cruz Tiger Sharks zone.
19:49 of 2nd period - Snap shot by William Carrier.
19:49 of 2nd period - Shot Misses the Net.
19:51 of 2nd period - Wrist shot by William Carrier.
19:51 of 2nd period - Stopped by Carter Hart with a rebound.
19:53 of 2nd period - Slapshot by Nicolas Meloche.
19:53 of 2nd period - Deflect By Kevin Rooney.
19:53 of 2nd period - Stopped by Carter Hart without a rebound.
19:54 of 2nd period - David Gustafsson wins face-off versus Justin Danforth in Santa Cruz Tiger Sharks zone.
Goals for this period are 0 for Santa Cruz Tiger Sharks vs 0 for Tucson Roadrunners.
Shots for this period are 13 for Santa Cruz Tiger Sharks vs 7 for Tucson Roadrunners.
3rd period
0:01 of 3rd period - David Gustafsson wins face-off versus Justin Danforth in neutral zone.
0:31 of 3rd period - Icing by Scott Reedy.
0:32 of 3rd period - David Gustafsson wins face-off versus Marian Studenic in Tucson Roadrunners zone.
0:37 of 3rd period - Snap shot by David Gustafsson.
0:37 of 3rd period - Shot Misses the Net.
0:39 of 3rd period - Snap shot by David Gustafsson.
0:39 of 3rd period - Stopped by Martin Jones without a rebound.
0:40 of 3rd period - Kevin Rooney wins face-off versus Justin Danforth in Tucson Roadrunners zone.
1:19 of 3rd period - Wrist shot by William Carrier.
1:19 of 3rd period - Stopped by Carter Hart with a rebound.
1:21 of 3rd period - Slapshot by Carson Soucy.
1:21 of 3rd period - Shot Misses the Net.
1:37 of 3rd period - Penalty to Calle Rosen is over, Calle Rosen is back on ice.
1:42 of 3rd period - Backhand shot by Mikhail Maltsev.
1:42 of 3rd period - Goal by Mikhail Maltsev - Santa Cruz Tiger Sharks : 1 - Tucson Roadrunners : 1.
1:43 of 3rd period - Justin Danforth wins face-off versus Jack Roslovic in neutral zone.
2:11 of 3rd period - Snap shot by Zach Sanford.
2:11 of 3rd period - Deflect By Michael McLeod.
2:11 of 3rd period - Shot Blocked by Michal Kempny.
2:11 of 3rd period - Puck is out of play.
2:12 of 3rd period - Michael McLeod wins face-off versus Scott Reedy in Tucson Roadrunners zone.
2:15 of 3rd period - Wrist shot by Jesper Boqvist.
2:15 of 3rd period - Shot Blocked by Nicolas Meloche.
2:21 of 3rd period - Austin Strand is hit by William Carrier and loses puck.
2:38 of 3rd period - Matthew Nieto is hit by Kieffer Bellows and loses puck.
2:45 of 3rd period - Slapshot by Kieffer Bellows.
2:45 of 3rd period - Shot Misses the Net.
3:09 of 3rd period - Wrist shot by Jack Roslovic.
3:09 of 3rd period - Stopped by Martin Jones with a rebound.
3:23 of 3rd period - Snap shot by Evgeny Svechnikov.
3:23 of 3rd period - Stopped by Martin Jones with a rebound.
3:29 of 3rd period - David Gustafsson is hit by Scott Reedy and loses puck.
3:42 of 3rd period - Matthew Highmore is hit by Michael McLeod and loses puck.
4:13 of 3rd period - Tobias Bjornfot is hit by Mikhail Maltsev and loses puck.
4:26 of 3rd period - Snap shot by Scott Reedy.
4:26 of 3rd period - Shot Misses the Net.
4:32 of 3rd period - Minor Penalty to Tobias Bjornfot for Interference.
4:33 of 3rd period - Kevin Rooney wins face-off versus William Carrier in Santa Cruz Tiger Sharks zone.
4:38 of 3rd period - Snap shot by Alexander Volkov.
4:38 of 3rd period - Shot Misses the Net.
4:47 of 3rd period - Off-side.
4:48 of 3rd period - David Gustafsson wins face-off versus Justin Danforth in neutral zone.
5:15 of 3rd period - Alexander Volkov is hit by William Carrier and loses puck.
5:20 of 3rd period - Snap shot by William Carrier.
5:20 of 3rd period - Stopped by Carter Hart with a rebound.
5:22 of 3rd period - Snap shot by William Carrier.
5:22 of 3rd period - Stopped by Carter Hart without a rebound.
5:23 of 3rd period - Scott Reedy wins face-off versus David Gustafsson in Santa Cruz Tiger Sharks zone.
5:24 of 3rd period - Snap shot by William Carrier.
5:24 of 3rd period - Stopped by Carter Hart without a rebound.
5:25 of 3rd period - Scott Reedy wins face-off versus Steven Lorentz in Santa Cruz Tiger Sharks zone.
5:26 of 3rd period - Wrist shot by William Carrier.
5:26 of 3rd period - Stopped by Carter Hart with a rebound.
5:28 of 3rd period - Snap shot by Michal Kempny.
5:28 of 3rd period - Goal by Michal Kempny - Santa Cruz Tiger Sharks : 1 - Tucson Roadrunners : 2.
5:29 of 3rd period - Jack Roslovic wins face-off versus Matthew Nieto in neutral zone.
5:32 of 3rd period - Backhand shot by Zach Sanford.
5:32 of 3rd period - Deflect By Kailer Yamamoto.
5:32 of 3rd period - Stopped by Martin Jones with a rebound.
5:34 of 3rd period - Snap shot by Kailer Yamamoto.
5:34 of 3rd period - Shot Misses the Net.
5:36 of 3rd period - Slapshot by Zach Sanford.
5:36 of 3rd period - Shot Misses the Net.
5:38 of 3rd period - Slapshot by Jack Roslovic.
5:38 of 3rd period - Shot Misses the Net.
5:40 of 3rd period - Snap shot by Zach Sanford.
5:40 of 3rd period - Stopped by Martin Jones without a rebound.
5:41 of 3rd period - Michael McLeod wins face-off versus Justin Danforth in Tucson Roadrunners zone.
5:49 of 3rd period - Off-side.
5:50 of 3rd period - Matthew Highmore wins face-off versus Michael McLeod in neutral zone.
5:55 of 3rd period - Snap shot by Matthew Nieto.
5:55 of 3rd period - Deflect By Justin Danforth.
5:55 of 3rd period - Stopped by Carter Hart with a rebound.
6:27 of 3rd period - Slapshot by Jesper Boqvist.
6:27 of 3rd period - Stopped by Martin Jones with a rebound.
6:29 of 3rd period - Backhand shot by Sean Day.
6:29 of 3rd period - Deflect By Travis Boyd.
6:29 of 3rd period - Shot Blocked by Justin Danforth.
6:29 of 3rd period - Puck is out of play.
6:30 of 3rd period - Jack Roslovic wins face-off versus Scott Reedy in Tucson Roadrunners zone.
6:39 of 3rd period - Slapshot by Jack Roslovic.
6:39 of 3rd period - Stopped by Martin Jones with a rebound.
6:55 of 3rd period - Kevin Rooney is hit by Mikhail Maltsev.
9:10 of 3rd period - Scott Reedy is hit by Kailer Yamamoto and loses puck.
9:56 of 3rd period - Snap shot by Alexander Volkov.
9:56 of 3rd period - Stopped by Martin Jones with a rebound.
9:58 of 3rd period - Wrist shot by Hunter Drew.
9:58 of 3rd period - Stopped by Martin Jones with a rebound.
10:00 of 3rd period - Slapshot by Evgeny Svechnikov.
10:00 of 3rd period - Stopped by Martin Jones with a rebound.
10:16 of 3rd period - Jack Roslovic is hit by Matthew Nieto and loses puck.
10:27 of 3rd period - Nicolas Meloche is hit by Kevin Rooney and loses puck.
11:20 of 3rd period - Owen Sillinger is hit by Wyatt Kalynuk and loses puck.
11:43 of 3rd period - Zach Sanford is hit by Lukas Rousek and loses puck.
12:45 of 3rd period - Johnathan Kovacevic is hit by Sean Day and loses puck.
12:53 of 3rd period - Kieffer Bellows is hit by Scott Reedy and loses puck.
13:28 of 3rd period - Slapshot by David Gustafsson.
13:28 of 3rd period - Shot Misses the Net.
14:02 of 3rd period - Austin Strand is hit by Simon Benoit and loses puck.
14:59 of 3rd period - Wrist shot by Jack Roslovic.
14:59 of 3rd period - Stopped by Martin Jones with a rebound.
15:17 of 3rd period - Snap shot by Michael McLeod.
15:17 of 3rd period - Stopped by Martin Jones with a rebound.
15:19 of 3rd period - Snap shot by Jesper Boqvist.
15:19 of 3rd period - Shot Misses the Net.
15:21 of 3rd period - Slapshot by Hunter Drew.
15:21 of 3rd period - Deflect By Michael McLeod.
15:21 of 3rd period - Goal by Michael McLeod - Santa Cruz Tiger Sharks : 2 - Tucson Roadrunners : 2.
15:22 of 3rd period - Kevin Rooney wins face-off versus Justin Danforth in neutral zone.
15:40 of 3rd period - Minor Penalty to Matthew Highmore for Tripping.
15:41 of 3rd period - Jack Roslovic wins face-off versus Justin Danforth in Tucson Roadrunners zone.
16:27 of 3rd period - Slapshot by Nicolas Meloche.
16:27 of 3rd period - Stopped by Carter Hart without a rebound.
16:28 of 3rd period - Jack Roslovic wins face-off versus Matthew Nieto in Santa Cruz Tiger Sharks zone.
16:48 of 3rd period - Mikhail Maltsev is hit by Travis Boyd and loses puck.
17:40 of 3rd period - Penalty to Matthew Highmore is over, Matthew Highmore is back on ice.
18:21 of 3rd period - Snap shot by David Gustafsson.
18:21 of 3rd period - Stopped by Martin Jones without a rebound.
18:22 of 3rd period - Kailer Yamamoto wins face-off versus Mikhail Maltsev in Tucson Roadrunners zone.
18:49 of 3rd period - Kieffer Bellows is hit by Carson Soucy and loses puck.
18:54 of 3rd period - Snap shot by Matthew Nieto.
18:54 of 3rd period - Stopped by Carter Hart without a rebound.
18:55 of 3rd period - Justin Danforth wins face-off versus Kevin Rooney in Santa Cruz Tiger Sharks zone.
19:06 of 3rd period - Snap shot by Kevin Rooney.
19:06 of 3rd period - Stopped by Martin Jones with a rebound.
19:07 of 3rd period - Wyatt Kalynuk beats up Matthew Nieto.
19:07 of 3rd period - Penalty to Matthew Nieto for Fighting.
19:07 of 3rd period - Penalty to Wyatt Kalynuk for Fighting.
19:08 of 3rd period - Kevin Rooney wins face-off versus Ben Jones in Tucson Roadrunners zone.
19:20 of 3rd period - Off-side.
19:21 of 3rd period - Mikhail Maltsev wins face-off versus Kevin Rooney in neutral zone.
19:34 of 3rd period - Snap shot by Ben Jones.
19:34 of 3rd period - Goal by Ben Jones - Santa Cruz Tiger Sharks : 2 - Tucson Roadrunners : 3.
19:35 of 3rd period - Justin Danforth wins face-off versus Jack Roslovic in neutral zone.
19:38 of 3rd period - Slapshot by Nicolas Meloche.
19:38 of 3rd period - Stopped by Carter Hart without a rebound.
19:39 of 3rd period - Joel Bouchard call a timeout for Santa Cruz Tiger Sharks.
19:39 of 3rd period - Jack Roslovic wins face-off versus Justin Danforth in Santa Cruz Tiger Sharks zone.
19:39 of 3rd period - Jack Roslovic is hit by Justin Danforth.
19:47 of 3rd period - Santa Cruz Tiger Sharks, Carter Hart is pulled from the net.
19:52 of 3rd period - Minor Penalty to Nicolas Meloche for Slashing.
19:53 of 3rd period - Justin Danforth wins face-off versus Jack Roslovic in Tucson Roadrunners zone.
Goals for this period are 1 for Santa Cruz Tiger Sharks vs 3 for Tucson Roadrunners.
Shots for this period are 15 for Santa Cruz Tiger Sharks vs 12 for Tucson Roadrunners.
Back to the Top